[ AOE2 MATCH · #470640788 ]
Team RMLithuanians vs Mongols
[ REPLAY ANALYSIS · EXTRACTED FROM THE RECORDED GAME ]
Feudal
10:32
Castle
33:57
Imperial
53:48
| APM avg | 17.0 |
| APM peak | 75 |
| eAPM avg | 10.4 |
| Villagers / military | 145 / 26 |
Focus
⚔️ 25.6% · 🌾 74.4%
Fishing Ship ×54 · Skirmisher ×15 · Scout Cavalry ×5 · Monk ×3 · Spearman ×2 · Leitis ×1
Feudal
9:27
Castle
29:01
Imperial
36:52
| APM avg | 9.1 |
| APM peak | 29 |
| eAPM avg | 5.7 |
| Villagers / military | 22 / 37 |
Focus
⚔️ 40.2% · 🌾 59.8%
Spearman ×13 · Fishing Ship ×11 · Skirmisher ×8 · Archer ×6 · Scout Cavalry ×5 · Militia ×4
Feudal
12:25
Castle
20:31
Imperial
—
| APM avg | 19.8 |
| APM peak | 103 |
| eAPM avg | 10.4 |
| Villagers / military | 54 / 37 |
Focus
⚔️ 20.9% · 🌾 79.1%
War Wagon ×26 · Iron Pagoda ×7 · Battering Ram ×4
Feudal
14:47
Castle
24:28
Imperial
35:31
| APM avg | 5.6 |
| APM peak | 24 |
| eAPM avg | 3.8 |
| Villagers / military | 29 / 5 |
Focus
⚔️ 24.3% · 🌾 75.7%
Fishing Ship ×16 · Trade Cart ×4 · Archer ×2 · Monk ×1 · Spearman ×1 · Mangonel ×1
Feudal
14:23
Castle
20:56
Imperial
53:10
| APM avg | 13.0 |
| APM peak | 34 |
| eAPM avg | 8.9 |
| Villagers / military | 55 / 134 |
Focus
⚔️ 47.8% · 🌾 52.2%
Archer ×89 · Fishing Ship ×18 · Battering Ram ×16 · Skirmisher ×10 · War Elephant ×7 · Spearman ×5
Feudal
13:20
Castle
18:27
Imperial
57:38
| APM avg | 18.9 |
| APM peak | 65 |
| eAPM avg | 10.1 |
| Villagers / military | 159 / 73 |
Focus
⚔️ 16.8% · 🌾 83.2%
Skirmisher ×53 · Scout Cavalry ×7 · Battering Ram ×5 · Monk ×3 · Mangonel ×2 · Trebuchet (Packed) ×2
Feudal
11:18
Castle
16:58
Imperial
59:22
| APM avg | 14.4 |
| APM peak | 54 |
| eAPM avg | 6.7 |
| Villagers / military | 28 / 46 |
Focus
⚔️ 46.7% · 🌾 53.3%
Mangudai ×46 · Fishing Ship ×8
Feudal
12:17
Castle
22:14
Imperial
30:54
| APM avg | 20.1 |
| APM peak | 44 |
| eAPM avg | 13.5 |
| Villagers / military | 77 / 412 |
Focus
⚔️ 39.3% · 🌾 60.7%
Spearman ×199 · Skirmisher ×196 · Fishing Ship ×24 · Mangonel ×10 · Samurai ×4 · Trebuchet (Packed) ×2
Match map
Resources at game start + every placement click. Thick line = wall · dashed box = detected house wall. 🟡 gold · ⚪ stone · 🟢 berries · 🔶 boar · ⭕ relic
Inputs per minute
— 喜多川海梦 - - ッ
Build order — 喜多川海梦
First 150 of 224 actions detected
| 4:40 | Build | Town Center |
| 5:59 | Build | Lumber Camp |
| 6:22 | Build | House |
| 6:23 | Build | House |
| 7:36 | Build | Mining Camp |
| 8:22 | Research | Feudal Age |
| 9:24 | Create | Villager (Male) |
| 9:24 | Create | Villager (Male) |
| 9:24 | Create | Villager (Male) |
| 10:26 | Create | Villager (Male) |
| 10:26 | Create | Villager (Male) |
| 10:27 | Create | Villager (Male) |
| 10:32 | Age | Feudal Age |
| 10:36 | Create | Villager (Male) |
| 11:04 | Build | House |
| 11:06 | Build | House |
| 11:18 | Create | Villager (Male) ×2 |
| 11:18 | Create | Villager (Male) ×2 |
| 11:48 | Build | House |
| 11:58 | Build | Mill |
| 12:09 | Create | Villager (Male) |
| 12:10 | Create | Villager (Male) |
| 12:10 | Create | Villager (Male) |
| 12:23 | Build | Barracks |
| 12:53 | Build | House |
| 12:54 | Build | House |
| 12:57 | Build | House |
| 13:03 | Build | House |
| 13:59 | Create | Spearman |
| 14:29 | Create | Spearman |
| 14:40 | Build | Palisade Wall |
| 14:41 | Build | Palisade Wall |
| 14:45 | Build | Palisade Wall |
| 14:50 | Create | Villager (Male) ×4 |
| 14:50 | Create | Villager (Male) ×4 |
| 14:50 | Create | Villager (Male) ×4 |
| 15:03 | Build | Palisade Gate |
| 15:50 | Build | Stone Wall |
| 16:20 | Build | Stable |
| 16:32 | Build | Farm |
| 16:32 | Build | Farm |
| 16:33 | Build | Farm |
| 17:24 | Create | Scout Cavalry |
| 17:24 | Create | Scout Cavalry |
| 17:41 | Build | House |
| 17:42 | Build | House |
| 17:49 | Create | Villager (Male) |
| 17:49 | Create | Villager (Male) |
| 17:49 | Create | Villager (Male) |
| 17:49 | Create | Villager (Male) |
| 17:50 | Create | Villager (Male) |
| 17:50 | Create | Villager (Male) |
| 19:22 | Create | Scout Cavalry |
| 19:22 | Create | Scout Cavalry |
| 19:40 | Build | Farm |
| 20:03 | Build | Farm |
| 20:20 | Build | Mill |
| 20:36 | Create | Villager (Male) |
| 20:36 | Create | Villager (Male) |
| 20:57 | Create | Scout Cavalry |
| 21:18 | Build | Farm |
| 21:18 | Build | Farm |
| 21:18 | Build | Farm |
| 21:19 | Build | Farm |
| 21:19 | Build | Farm |
| 21:32 | Build | Farm |
| 21:54 | Build | Farm |
| 23:16 | Research | Horse Collar |
| 23:43 | Build | Dock |
| 23:50 | Build | Dock |
| 24:00 | Research | Double-Bit Axe |
| 24:19 | Create | Fishing Ship |
| 24:19 | Create | Fishing Ship |
| 24:19 | Create | Fishing Ship |
| 24:52 | Build | Lumber Camp |
| 24:59 | Create | Fishing Ship |
| 26:31 | Build | Blacksmith |
| 26:50 | Build | Market |
| 29:41 | Build | Town Center |
| 31:14 | Create | Villager (Male) ×5 |
| 31:17 | Research | Castle Age |
| 31:49 | Create | Villager (Male) ×5 |
| 32:06 | Build | Lumber Camp |
| 33:31 | Build | Mill |
| 33:47 | Build | House |
| 33:47 | Build | House |
| 33:47 | Build | House |
| 33:47 | Build | House |
| 33:48 | Build | House |
| 33:48 | Build | House |
| 33:48 | Build | House |
| 33:49 | Build | House |
| 33:49 | Build | House |
| 33:49 | Build | House |
| 33:50 | Build | House |
| 33:51 | Build | House |
| 33:51 | Build | House |
| 33:51 | Build | House |
| 33:52 | Build | House |
| 33:57 | Age | Castle Age |
| 34:01 | Create | Villager (Male) ×5 |
| 34:07 | Build | Monastery |
| 34:49 | Create | Monk |
| 35:14 | Research | Heavy Plow |
| 35:52 | Build | Monastery |
| 36:32 | Create | Monk |
| 37:08 | Build | Town Center |
| 37:58 | Create | Villager (Male) |
| 37:58 | Create | Villager (Male) |
| 37:58 | Create | Villager (Male) |
| 38:06 | Build | Mining Camp |
| 38:36 | Build | Dock |
| 38:37 | Build | Dock |
| 38:43 | Build | Dock |
| 39:20 | Create | Villager (Male) ×5 |
| 39:20 | Create | Villager (Male) ×5 |
| 40:45 | Build | Dock |
| 40:48 | Build | Dock |
| 40:52 | Create | Fishing Ship ×5 |
| 40:53 | Create | Fishing Ship ×5 |
| 40:54 | Create | Fishing Ship ×5 |
| 41:56 | Create | Fishing Ship ×5 |
| 41:56 | Create | Fishing Ship ×5 |
| 43:04 | Build | Mining Camp |
| 43:09 | Create | Villager (Male) ×2 |
| 43:09 | Create | Villager (Male) ×2 |
| 44:08 | Research | Town Watch |
| 44:19 | Build | Town Center |
| 45:58 | Create | Fishing Ship ×5 |
| 45:58 | Create | Fishing Ship ×5 |
| 45:58 | Create | Fishing Ship ×5 |
| 46:04 | Research | Town Patrol |
| 46:07 | Research | Wheelbarrow |
| 46:08 | Create | Villager (Male) ×5 |
| 46:08 | Create | Villager (Male) |
| 47:29 | Build | Town Center |
| 47:38 | Build | House |
| 47:39 | Build | House |
| 47:39 | Build | House |
| 47:39 | Build | House |
| 48:49 | Create | Villager (Male) ×5 |
| 48:58 | Build | House |
| 48:58 | Build | House |
| 48:59 | Build | House |
| 48:59 | Build | House |
| 48:59 | Build | House |
| 48:59 | Build | House |
| 49:08 | Build | University |
| 49:59 | Build | Archery Range |
| 50:00 | Build | Archery Range |
Build order — ッ
130 actions detected in the replay
| 0:07 | Build | House |
| 0:12 | Build | House |
| 0:22 | Build | Dock |
| 1:09 | Create | Fishing Ship |
| 1:09 | Create | Fishing Ship |
| 1:39 | Create | Fishing Ship |
| 5:30 | Create | Fishing Ship |
| 6:08 | Build | Town Center |
| 6:20 | Build | House |
| 7:17 | Research | Feudal Age |
| 7:18 | Research | Loom |
| 7:31 | Create | Fishing Ship |
| 8:17 | Create | Fishing Ship |
| 8:31 | Create | Fishing Ship |
| 9:04 | Build | House |
| 9:19 | Create | Villager (Male) |
| 9:27 | Age | Feudal Age |
| 9:27 | Research | Double-Bit Axe |
| 9:28 | Research | Double-Bit Axe |
| 9:45 | Build | Blacksmith |
| 9:57 | Create | Villager (Male) |
| 10:12 | Research | Tech 906 |
| 10:43 | Create | Villager (Male) ×3 |
| 10:54 | Create | Fishing Ship |
| 10:54 | Create | Fishing Ship |
| 11:09 | Research | Fletching |
| 11:15 | Build | House |
| 11:25 | Create | Fishing Ship |
| 11:57 | Build | Watch Tower |
| 12:04 | Create | Villager (Male) |
| 12:05 | Create | Villager (Male) |
| 12:30 | Build | Watch Tower |
| 12:38 | Build | Watch Tower |
| 12:42 | Create | Villager (Male) |
| 13:01 | Build | Barracks |
| 13:25 | Create | Villager (Male) |
| 13:26 | Create | Villager (Male) |
| 14:49 | Create | Spearman |
| 14:50 | Create | Spearman |
| 15:03 | Build | Archery Range |
| 15:21 | Build | Stable |
| 15:27 | Build | Mill |
| 15:29 | Create | Villager (Male) |
| 15:55 | Create | Villager (Male) |
| 16:13 | Create | Villager (Male) |
| 16:35 | Create | Villager (Male) |
| 16:36 | Create | Villager (Male) |
| 16:38 | Research | Wheelbarrow |
| 16:41 | Research | Town Watch |
| 16:48 | Create | Spearman |
| 17:15 | Build | House |
| 17:49 | Create | Scout Cavalry ×5 |
| 18:04 | Create | Skirmisher ×3 |
| 18:28 | Research | Scale Barding Armor |
| 18:30 | Research | Scale Mail Armor |
| 18:39 | Create | Villager (Male) |
| 18:39 | Create | Villager (Male) |
| 18:40 | Create | Villager (Male) |
| 19:28 | Build | Outpost |
| 19:43 | Build | Outpost |
| 20:04 | Build | House |
| 20:21 | Build | Palisade Wall |
| 20:28 | Build | House |
| 20:30 | Build | Palisade Wall |
| 20:51 | Build | Building 487 |
| 21:03 | Build | House |
| 21:06 | Build | Palisade Wall |
| 21:55 | Create | Villager (Male) |
| 21:55 | Create | Villager (Male) |
| 22:39 | Build | Watch Tower |
| 22:58 | Build | Watch Tower |
| 23:05 | Build | Stone Wall |
| 23:07 | Build | Stone Wall |
| 23:44 | Create | Villager (Male) |
| 23:53 | Build | Mining Camp |
| 24:01 | Build | Mining Camp |
| 24:39 | Research | Forging |
| 24:42 | Create | Villager (Male) |
| 25:19 | Build | House |
| 26:21 | Research | Castle Age |
| 26:28 | Research | Man-at-Arms (upgrade) |
| 26:30 | Create | Spearman ×5 |
| 26:32 | Create | Militia |
| 26:32 | Create | Militia |
| 26:39 | Create | Spearman ×5 |
| 26:42 | Create | Militia |
| 26:42 | Create | Militia |
| 27:02 | Create | Archer ×4 |
| 27:14 | Create | Archer ×2 |
| 27:24 | Research | Padded Archer Armor |
| 27:34 | Research | Bloodlines |
| 27:42 | Build | House |
| 27:44 | Build | House |
| 27:46 | Build | House |
| 27:49 | Build | House |
| 28:14 | Research | Gold Mining |
| 28:33 | Build | Fish Trap |
| 28:40 | Build | Fish Trap |
| 28:41 | Build | Fish Trap |
| 28:42 | Build | Fish Trap |
| 28:43 | Build | Fish Trap |
| 28:44 | Build | Fish Trap |
| 28:46 | Build | Fish Trap |
| 29:01 | Age | Castle Age |
| 29:01 | Build | Fish Trap |
| 30:23 | Research | Hand Cart |
| 30:32 | Build | Monastery |
| 31:01 | Build | Castle |
| 31:35 | Build | Castle |
| 31:42 | Research | Husbandry |
| 31:43 | Research | Light Cavalry (upgrade) |
| 32:21 | Build | Fish Trap |
| 32:22 | Build | Fish Trap |
| 32:23 | Build | Fish Trap |
| 32:24 | Build | Fish Trap |
| 32:42 | Create | Fishing Ship |
| 33:35 | Build | Fish Trap |
| 33:42 | Research | Imperial Age |
| 33:54 | Create | Monk |
| 34:54 | Build | Lumber Camp |
| 35:58 | Research | Bodkin Arrow |
| 35:59 | Research | Chain Mail Armor |
| 36:01 | Research | Iron Casting |
| 36:08 | Create | Skirmisher ×5 |
| 36:26 | Research | Long Swordsman (upgrade) |
| 36:39 | Research | Gambesons |
| 36:52 | Age | Imperial Age |
| 36:53 | Research | Squires |
| 37:09 | Research | Elite Skirmisher (upgrade) |
| 37:21 | Research | Conscription |
Build order — Tsukitech
109 actions detected in the replay
| 2:42 | Build | Town Center |
| 3:42 | Create | Villager (Male) |
| 3:53 | Build | House |
| 4:39 | Create | Villager (Male) |
| 4:48 | Create | Villager (Male) |
| 5:19 | Build | House |
| 5:39 | Create | Villager (Male) |
| 6:11 | Create | Villager (Male) |
| 6:17 | Create | Villager (Male) |
| 6:39 | Create | Villager (Male) |
| 7:06 | Build | Mill |
| 8:04 | Build | Farm |
| 8:11 | Build | Farm |
| 8:47 | Create | Villager (Male) |
| 10:15 | Research | Feudal Age |
| 10:28 | Build | Mining Camp |
| 11:01 | Build | Mill |
| 11:41 | Build | Farm |
| 11:46 | Build | Farm |
| 12:15 | Build | House |
| 12:25 | Age | Feudal Age |
| 12:29 | Create | Villager (Male) |
| 12:30 | Create | Villager (Male) |
| 13:03 | Build | House |
| 13:05 | Build | House |
| 13:10 | Build | House |
| 13:30 | Create | Villager (Male) |
| 13:31 | Create | Villager (Male) |
| 13:41 | Build | Farm |
| 13:42 | Build | Farm |
| 14:29 | Create | Villager (Male) |
| 15:02 | Build | Blacksmith |
| 15:33 | Build | Market |
| 15:48 | Research | Horse Collar |
| 16:06 | Build | Lumber Camp |
| 16:57 | Create | Villager (Male) |
| 17:51 | Research | Castle Age |
| 20:29 | Create | Villager (Male) |
| 20:29 | Create | Villager (Male) |
| 20:29 | Create | Villager (Male) |
| 20:30 | Create | Villager (Male) |
| 20:30 | Create | Villager (Male) |
| 20:31 | Age | Castle Age |
| 21:08 | Build | Mining Camp |
| 22:38 | Build | Castle |
| 23:07 | Create | Villager (Male) |
| 23:08 | Create | Villager (Male) |
| 23:08 | Create | Villager (Male) |
| 23:09 | Create | Villager (Male) |
| 23:36 | Build | House |
| 23:37 | Build | House |
| 24:26 | Build | Siege Workshop |
| 24:28 | Build | Siege Workshop |
| 24:38 | Create | Villager (Male) |
| 24:48 | Create | War Wagon |
| 24:49 | Create | War Wagon |
| 24:50 | Create | War Wagon |
| 24:52 | Create | War Wagon |
| 25:09 | Create | Villager (Male) |
| 25:31 | Create | Battering Ram |
| 27:03 | Create | War Wagon |
| 27:03 | Create | War Wagon |
| 27:18 | Create | Villager (Male) |
| 27:19 | Create | Villager (Male) |
| 27:19 | Create | Villager (Male) |
| 27:19 | Create | Villager (Male) |
| 27:58 | Create | Battering Ram ×2 |
| 28:47 | Research | Fletching |
| 30:16 | Create | War Wagon |
| 30:16 | Create | War Wagon |
| 30:16 | Create | War Wagon |
| 30:16 | Create | War Wagon |
| 30:17 | Create | War Wagon |
| 30:17 | Create | War Wagon |
| 32:00 | Build | Castle |
| 32:20 | Create | Villager (Male) |
| 32:20 | Create | Villager (Male) |
| 32:20 | Create | Villager (Male) |
| 32:20 | Create | Villager (Male) |
| 32:21 | Create | Villager (Male) |
| 32:21 | Create | Villager (Male) |
| 32:54 | Create | Iron Pagoda |
| 32:56 | Create | Iron Pagoda |
| 32:58 | Create | Battering Ram |
| 34:32 | Create | Villager (Male) |
| 34:32 | Create | Villager (Male) |
| 34:33 | Create | Villager (Male) |
| 36:28 | Create | Villager (Male) |
| 36:28 | Create | Villager (Male) |
| 36:28 | Create | Villager (Male) |
| 36:29 | Create | Villager (Male) |
| 36:29 | Create | Villager (Male) |
| 36:29 | Create | Villager (Male) |
| 37:09 | Build | Castle |
| 60:06 | Create | Iron Pagoda ×5 |
| 60:17 | Create | War Wagon ×5 |
| 60:17 | Create | War Wagon ×5 |
| 60:18 | Create | War Wagon ×4 |
| 60:31 | Build | Mining Camp |
| 62:16 | Create | Villager (Male) |
| 62:16 | Create | Villager (Male) |
| 62:16 | Create | Villager (Male) |
| 62:16 | Create | Villager (Male) |
| 62:17 | Create | Villager (Male) |
| 62:17 | Create | Villager (Male) |
| 62:17 | Create | Villager (Male) |
| 62:17 | Create | Villager (Male) |
| 62:17 | Create | Villager (Male) |
| 62:18 | Create | Villager (Male) |
Build order — Matus_SK
117 actions detected in the replay
| 0:55 | Build | Dock |
| 2:12 | Create | Fishing Ship |
| 2:13 | Create | Fishing Ship |
| 2:13 | Create | Fishing Ship |
| 3:42 | Build | House |
| 6:04 | Build | Lumber Camp |
| 6:42 | Build | Town Center |
| 7:10 | Build | House |
| 7:17 | Build | House |
| 8:09 | Create | Fishing Ship |
| 8:27 | Create | Villager (Male) |
| 8:27 | Create | Villager (Male) |
| 8:27 | Create | Villager (Male) |
| 8:43 | Create | Fishing Ship |
| 9:09 | Create | Villager (Male) |
| 9:58 | Create | Villager (Male) |
| 10:14 | Create | Villager (Male) |
| 10:25 | Build | House |
| 10:42 | Create | Villager (Male) |
| 11:20 | Create | Villager (Male) |
| 11:21 | Create | Villager (Male) |
| 11:55 | Create | Villager (Male) |
| 12:00 | Create | Fishing Ship |
| 12:01 | Create | Fishing Ship |
| 12:23 | Research | Feudal Age |
| 12:50 | Create | Fishing Ship |
| 14:18 | Build | Mining Camp |
| 14:27 | Create | Fishing Ship |
| 14:27 | Create | Fishing Ship |
| 14:27 | Create | Fishing Ship |
| 14:39 | Build | House |
| 14:47 | Age | Feudal Age |
| 15:16 | Build | Mill |
| 15:30 | Research | Wheelbarrow |
| 15:43 | Research | Double-Bit Axe |
| 16:00 | Create | Villager (Male) |
| 16:12 | Research | Town Watch |
| 16:12 | Create | Villager (Male) |
| 16:20 | Create | Fishing Ship |
| 16:26 | Research | Tech 906 |
| 17:07 | Research | Horse Collar |
| 18:06 | Create | Villager (Male) |
| 18:06 | Create | Villager (Male) |
| 18:19 | Build | Blacksmith |
| 18:38 | Create | Villager (Male) |
| 18:38 | Create | Villager (Male) |
| 18:48 | Build | House |
| 18:51 | Create | Fishing Ship |
| 18:51 | Create | Fishing Ship |
| 19:47 | Build | Market |
| 20:18 | Create | Fishing Ship |
| 20:18 | Create | Fishing Ship |
| 20:28 | Create | Villager (Male) |
| 20:28 | Create | Villager (Male) |
| 20:29 | Create | Villager (Male) |
| 20:29 | Create | Villager (Male) |
| 21:17 | Build | Mining Camp |
| 21:32 | Build | House |
| 21:41 | Build | House |
| 21:48 | Research | Castle Age |
| 22:03 | Build | Mill |
| 23:08 | Research | Forging |
| 23:10 | Research | Scale Mail Armor |
| 23:12 | Research | Padded Archer Armor |
| 23:50 | Build | Stone Wall |
| 24:28 | Age | Castle Age |
| 24:37 | Research | Hand Cart |
| 24:50 | Research | Bow Saw |
| 24:57 | Research | Heavy Plow |
| 25:39 | Build | Stone Wall |
| 25:47 | Research | Town Patrol |
| 26:05 | Create | Trade Cart |
| 26:05 | Create | Trade Cart |
| 26:05 | Create | Trade Cart |
| 26:06 | Create | Trade Cart |
| 26:17 | Create | Villager (Male) |
| 26:17 | Create | Villager (Male) |
| 26:17 | Create | Villager (Male) |
| 26:18 | Create | Villager (Male) |
| 26:36 | Research | Gillnets |
| 26:44 | Build | House |
| 26:45 | Build | House |
| 27:48 | Build | Barracks |
| 27:58 | Create | Villager (Male) |
| 28:15 | Research | Loom |
| 28:23 | Create | Villager (Male) |
| 28:50 | Build | Town Center |
| 29:33 | Create | Villager (Male) |
| 29:34 | Create | Villager (Male) |
| 29:34 | Create | Villager (Male) |
| 30:21 | Research | Fletching |
| 30:33 | Build | University |
| 30:44 | Research | Arson |
| 30:54 | Build | Monastery |
| 31:06 | Build | Lumber Camp |
| 31:21 | Build | Siege Workshop |
| 31:27 | Research | Bodkin Arrow |
| 32:11 | Research | Masonry |
| 32:17 | Build | Farm |
| 32:21 | Research | Imperial Age |
| 32:31 | Build | Farm |
| 33:24 | Build | Farm |
| 33:25 | Build | Farm |
| 33:27 | Build | Farm |
| 33:32 | Build | Farm |
| 33:34 | Build | Farm |
| 33:36 | Build | Farm |
| 33:47 | Build | Mining Camp |
| 33:51 | Create | Monk |
| 34:17 | Build | Archery Range |
| 34:26 | Create | Spearman |
| 35:31 | Age | Imperial Age |
| 35:46 | Research | Chemistry |
| 35:50 | Research | Two-Man Saw |
| 35:57 | Create | Archer |
| 36:12 | Create | Mangonel |
| 36:40 | Create | Archer |
Build order — pavelinhos
First 150 of 288 actions detected
| 0:26 | Build | Dock |
| 2:32 | Build | Town Center |
| 3:51 | Create | Fishing Ship |
| 3:58 | Create | Villager (Male) |
| 3:59 | Create | Villager (Male) |
| 4:03 | Build | House |
| 4:35 | Build | House |
| 5:22 | Build | Mining Camp |
| 5:29 | Create | Villager (Male) |
| 5:29 | Create | Villager (Male) |
| 5:36 | Create | Fishing Ship |
| 5:37 | Create | Fishing Ship |
| 6:05 | Create | Villager (Male) |
| 6:22 | Create | Fishing Ship |
| 6:55 | Create | Villager (Male) |
| 7:04 | Build | House |
| 7:10 | Build | House |
| 7:42 | Create | Villager (Male) |
| 8:26 | Build | Dock |
| 8:30 | Create | Villager (Male) |
| 9:15 | Create | Fishing Ship |
| 9:15 | Create | Fishing Ship |
| 9:29 | Create | Fishing Ship |
| 10:21 | Create | Fishing Ship |
| 11:01 | Build | House |
| 11:20 | Create | Fishing Ship |
| 11:39 | Build | Barracks |
| 12:01 | Create | Fishing Ship |
| 12:08 | Create | Fishing Ship |
| 12:19 | Research | Feudal Age |
| 13:08 | Create | Fishing Ship |
| 13:38 | Create | Villager (Male) |
| 13:45 | Research | Loom |
| 14:23 | Age | Feudal Age |
| 14:28 | Build | Archery Range |
| 14:51 | Build | Watch Tower |
| 14:56 | Create | Villager (Male) |
| 15:10 | Build | House |
| 15:12 | Build | House |
| 15:15 | Create | Fishing Ship |
| 15:16 | Create | Fishing Ship |
| 15:30 | Create | Villager (Male) |
| 15:46 | Build | Blacksmith |
| 16:04 | Create | Archer |
| 16:04 | Create | Archer |
| 16:05 | Create | Archer |
| 16:05 | Create | Archer |
| 16:11 | Create | Villager (Male) |
| 16:20 | Build | Lumber Camp |
| 16:28 | Build | House |
| 16:58 | Create | Archer |
| 17:02 | Research | Fletching |
| 17:30 | Build | Archery Range |
| 17:34 | Create | Villager (Male) |
| 17:34 | Create | Villager (Male) |
| 17:53 | Create | Fishing Ship |
| 17:53 | Create | Fishing Ship |
| 18:24 | Research | Double-Bit Axe |
| 18:31 | Research | Castle Age |
| 19:33 | Create | Archer |
| 19:34 | Create | Archer |
| 19:39 | Create | Archer |
| 19:48 | Create | Villager (Male) |
| 20:27 | Build | Watch Tower |
| 20:56 | Age | Castle Age |
| 21:01 | Research | Bodkin Arrow |
| 21:17 | Build | Barracks |
| 21:26 | Create | Villager (Male) |
| 21:26 | Create | Villager (Male) |
| 21:42 | Build | Town Center |
| 22:09 | Research | Stone Mining |
| 22:16 | Create | Spearman |
| 22:17 | Create | Spearman |
| 22:25 | Research | Forging |
| 22:25 | Research | Padded Archer Armor |
| 22:36 | Create | Fishing Ship |
| 22:37 | Create | Fishing Ship |
| 22:49 | Build | House |
| 22:51 | Build | House |
| 23:10 | Build | Siege Workshop |
| 23:22 | Research | Pikeman (upgrade) |
| 23:23 | Create | Spearman |
| 23:43 | Create | Villager (Male) |
| 23:43 | Create | Villager (Male) |
| 23:43 | Create | Villager (Male) |
| 23:47 | Create | Villager (Male) |
| 23:47 | Create | Villager (Male) |
| 24:06 | Create | Battering Ram |
| 24:20 | Create | Spearman |
| 24:31 | Create | Spearman |
| 24:35 | Create | Archer |
| 24:35 | Create | Archer |
| 25:59 | Create | Battering Ram |
| 26:19 | Build | House |
| 26:44 | Research | Iron Casting |
| 27:15 | Create | Archer |
| 27:39 | Build | Castle |
| 28:20 | Create | Villager (Male) |
| 28:21 | Create | Villager (Male) |
| 28:21 | Create | Villager (Male) |
| 28:22 | Create | Villager (Male) |
| 28:42 | Research | Bow Saw |
| 28:45 | Create | Villager (Male) |
| 28:45 | Create | Villager (Male) |
| 29:55 | Create | Villager (Male) |
| 29:56 | Research | Wheelbarrow |
| 31:07 | Build | Town Center |
| 32:24 | Create | Villager (Male) |
| 32:24 | Create | Villager (Male) |
| 32:27 | Create | Villager (Male) |
| 33:06 | Create | War Elephant |
| 33:06 | Create | War Elephant |
| 33:08 | Create | War Elephant |
| 33:25 | Create | Villager (Male) |
| 33:26 | Create | Villager (Male) |
| 33:39 | Create | Villager (Male) |
| 33:40 | Create | Villager (Male) |
| 33:40 | Create | Villager (Male) |
| 34:13 | Create | Villager (Male) |
| 34:14 | Create | Villager (Male) |
| 34:37 | Build | Fish Trap |
| 34:41 | Build | Fish Trap |
| 34:45 | Build | Fish Trap |
| 34:49 | Build | Fish Trap |
| 35:55 | Research | Leather Archer Armor |
| 35:57 | Research | Scale Mail Armor |
| 36:37 | Create | Villager (Male) |
| 36:40 | Create | Villager (Male) |
| 37:34 | Build | Castle |
| 38:06 | Build | Mining Camp |
| 38:14 | Research | Kamandaran |
| 39:59 | Build | Town Center |
| 40:03 | Create | Villager (Male) |
| 40:03 | Create | Villager (Male) |
| 41:23 | Build | Archery Range |
| 41:24 | Build | Archery Range |
| 41:28 | Create | War Elephant |
| 41:28 | Create | War Elephant |
| 41:29 | Create | War Elephant |
| 41:29 | Create | War Elephant |
| 42:48 | Research | Crossbowman (upgrade) |
| 43:53 | Build | Mill |
| 43:55 | Create | Villager (Male) |
| 43:55 | Create | Villager (Male) |
| 44:50 | Research | Thumb Ring |
| 44:51 | Create | Archer |
| 44:51 | Create | Archer |
| 44:52 | Create | Archer |
| 44:52 | Create | Archer |
| 44:52 | Create | Archer |
Build order — 家恒
First 150 of 343 actions detected
| 4:12 | Build | Town Center |
| 5:01 | Create | Villager (Male) |
| 5:01 | Create | Villager (Male) |
| 5:51 | Create | Villager (Male) |
| 5:52 | Create | Villager (Male) |
| 6:57 | Create | Villager (Male) |
| 6:57 | Create | Villager (Male) |
| 6:57 | Create | Villager (Male) |
| 8:23 | Create | Villager (Male) |
| 8:48 | Create | Villager (Male) |
| 9:30 | Create | Villager (Male) |
| 9:31 | Create | Villager (Male) |
| 9:53 | Create | Villager (Male) |
| 10:01 | Build | Lumber Camp |
| 10:07 | Build | Mill |
| 10:09 | Create | Villager (Male) |
| 10:42 | Create | Villager (Male) |
| 10:43 | Create | Villager (Male) |
| 11:11 | Research | Feudal Age |
| 11:32 | Create | Villager (Male) |
| 12:51 | Build | Barracks |
| 13:20 | Age | Feudal Age |
| 13:21 | Build | Mill |
| 13:49 | Build | Stable |
| 14:07 | Create | Villager (Male) |
| 14:09 | Create | Villager (Male) |
| 14:47 | Build | Blacksmith |
| 14:55 | Create | Villager (Male) |
| 15:22 | Create | Villager (Male) |
| 15:32 | Research | Castle Age |
| 15:35 | Create | Scout Cavalry |
| 15:36 | Create | Scout Cavalry |
| 15:46 | Research | Scale Barding Armor |
| 16:21 | Create | Scout Cavalry |
| 16:41 | Create | Scout Cavalry |
| 16:42 | Create | Scout Cavalry |
| 17:10 | Create | Scout Cavalry |
| 17:34 | Create | Militia |
| 18:05 | Create | Scout Cavalry |
| 18:27 | Age | Castle Age |
| 18:33 | Build | Town Center |
| 18:43 | Build | Siege Workshop |
| 19:14 | Build | Town Center |
| 20:38 | Build | Market |
| 20:41 | Create | Villager (Male) |
| 20:41 | Create | Villager (Male) |
| 20:41 | Create | Villager (Male) |
| 20:42 | Create | Villager (Male) |
| 20:42 | Create | Villager (Male) |
| 20:57 | Create | Villager (Male) |
| 21:23 | Create | Battering Ram |
| 21:44 | Create | Villager (Male) |
| 21:44 | Create | Villager (Male) |
| 22:33 | Create | Battering Ram |
| 22:53 | Create | Villager (Male) |
| 22:58 | Create | Villager (Male) |
| 23:29 | Create | Villager (Male) |
| 24:03 | Create | Villager (Male) |
| 24:15 | Build | Farm |
| 24:15 | Build | Farm |
| 24:15 | Build | Farm |
| 24:16 | Build | Farm |
| 24:46 | Build | Farm |
| 24:46 | Build | Farm |
| 24:46 | Build | Farm |
| 24:47 | Build | Farm |
| 24:47 | Build | Farm |
| 25:26 | Build | Farm |
| 25:55 | Create | Villager (Male) |
| 25:56 | Create | Villager (Male) |
| 26:04 | Create | Villager (Male) |
| 26:27 | Create | Villager (Male) |
| 26:40 | Create | Villager (Male) |
| 27:02 | Create | Villager (Male) |
| 27:59 | Create | Villager (Male) |
| 27:59 | Create | Villager (Male) |
| 28:02 | Create | Villager (Male) |
| 28:02 | Create | Villager (Male) |
| 28:11 | Build | Town Center |
| 28:57 | Create | Villager (Male) |
| 28:57 | Create | Villager (Male) |
| 28:58 | Create | Villager (Male) |
| 29:11 | Build | Outpost |
| 29:12 | Build | Outpost |
| 29:15 | Build | Outpost |
| 29:18 | Create | Villager (Male) |
| 29:54 | Create | Villager (Male) |
| 29:55 | Create | Villager (Male) |
| 29:55 | Create | Villager (Male) |
| 30:10 | Create | Villager (Male) |
| 30:35 | Build | Siege Workshop |
| 31:10 | Create | Villager (Male) |
| 31:10 | Create | Villager (Male) |
| 31:31 | Create | Battering Ram |
| 31:40 | Create | Battering Ram |
| 31:48 | Create | Mangonel |
| 32:16 | Build | Lumber Camp |
| 32:22 | Build | Mining Camp |
| 32:24 | Create | Villager (Male) |
| 32:25 | Create | Villager (Male) |
| 32:26 | Create | Villager (Male) |
| 32:26 | Create | Villager (Male) |
| 32:26 | Create | Villager (Male) |
| 33:05 | Create | Villager (Male) |
| 33:05 | Create | Villager (Male) |
| 33:06 | Create | Villager (Male) |
| 33:53 | Create | Villager (Male) |
| 33:53 | Create | Villager (Male) |
| 33:59 | Build | Farm |
| 33:59 | Build | Farm |
| 33:59 | Build | Farm |
| 34:00 | Build | Farm |
| 34:00 | Build | Farm |
| 34:00 | Build | Farm |
| 34:01 | Build | Farm |
| 34:13 | Create | Mangonel |
| 34:46 | Create | Villager (Male) |
| 34:47 | Create | Villager (Male) |
| 35:27 | Create | Villager (Male) |
| 35:28 | Create | Villager (Male) |
| 36:06 | Create | Villager (Male) |
| 36:06 | Create | Villager (Male) |
| 36:13 | Create | Villager (Male) |
| 36:38 | Create | Battering Ram |
| 36:50 | Build | Castle |
| 37:31 | Create | Villager (Male) |
| 37:31 | Create | Villager (Male) |
| 37:31 | Create | Villager (Male) |
| 38:08 | Create | Villager (Male) |
| 38:08 | Create | Villager (Male) |
| 38:37 | Create | Villager (Male) |
| 38:37 | Create | Villager (Male) |
| 38:55 | Build | Town Center |
| 41:55 | Build | Town Center |
| 42:07 | Build | Town Center |
| 43:02 | Build | Town Center |
| 43:12 | Create | Villager (Male) |
| 43:12 | Create | Villager (Male) |
| 43:13 | Create | Villager (Male) |
| 43:13 | Create | Villager (Male) |
| 43:42 | Build | Town Center |
| 43:55 | Create | Villager (Male) |
| 44:31 | Create | Villager (Male) |
| 44:31 | Create | Villager (Male) |
| 44:32 | Create | Villager (Male) |
| 44:44 | Build | Farm |
| 44:44 | Build | Farm |
| 44:45 | Build | Farm |
| 44:45 | Build | Farm |
| 44:46 | Build | Farm |
Build order — OTZ==3
111 actions detected in the replay
| 0:26 | Build | House |
| 2:00 | Build | Town Center |
| 2:48 | Create | Villager (Male) |
| 2:48 | Create | Villager (Male) |
| 2:48 | Create | Villager (Male) |
| 2:49 | Create | Villager (Male) |
| 3:13 | Research | Loom |
| 3:45 | Build | House |
| 4:14 | Create | Villager (Male) |
| 4:41 | Build | Dock |
| 4:56 | Build | House |
| 5:04 | Create | Villager (Male) |
| 5:44 | Create | Fishing Ship |
| 6:01 | Create | Villager (Male) |
| 6:02 | Create | Villager (Male) |
| 6:37 | Create | Villager (Male) |
| 6:44 | Create | Fishing Ship |
| 7:18 | Create | Villager (Male) |
| 7:19 | Create | Villager (Male) |
| 7:38 | Build | House |
| 7:53 | Create | Villager (Male) |
| 8:00 | Create | Fishing Ship |
| 9:09 | Research | Feudal Age |
| 9:28 | Build | House |
| 10:08 | Create | Fishing Ship |
| 11:03 | Build | Mill |
| 11:08 | Create | Villager (Male) |
| 11:08 | Create | Villager (Male) |
| 11:18 | Age | Feudal Age |
| 11:47 | Build | Market |
| 11:59 | Create | Villager (Male) |
| 12:00 | Create | Villager (Male) |
| 12:46 | Build | Blacksmith |
| 12:59 | Create | Villager (Male) |
| 13:44 | Create | Villager (Male) |
| 14:18 | Research | Castle Age |
| 14:45 | Build | Mining Camp |
| 15:19 | Research | Stone Mining |
| 15:50 | Research | Fletching |
| 16:58 | Age | Castle Age |
| 17:24 | Build | Castle |
| 17:31 | Create | Villager (Male) |
| 18:46 | Create | Villager (Male) |
| 19:14 | Create | Villager (Male) |
| 19:41 | Create | Villager (Male) |
| 21:31 | Build | Castle |
| 21:45 | Create | Villager (Male) |
| 22:04 | Build | University |
| 22:56 | Create | Villager (Male) |
| 22:56 | Create | Villager (Male) |
| 23:42 | Build | Watch Tower |
| 24:22 | Build | Mining Camp |
| 24:34 | Create | Villager (Male) |
| 24:45 | Create | Villager (Male) |
| 26:25 | Research | Gold Mining |
| 27:11 | Research | Bodkin Arrow |
| 27:26 | Create | Mangudai |
| 27:58 | Create | Mangudai ×3 |
| 28:19 | Create | Fishing Ship |
| 28:19 | Create | Fishing Ship |
| 28:35 | Create | Mangudai ×3 |
| 31:15 | Research | Forging |
| 31:48 | Create | Mangudai ×5 |
| 31:54 | Research | Ballistics |
| 32:31 | Create | Villager (Male) |
| 32:48 | Research | Iron Casting |
| 33:47 | Create | Mangudai |
| 33:47 | Create | Mangudai |
| 34:22 | Research | Scale Barding Armor |
| 35:29 | Create | Mangudai ×5 |
| 36:04 | Research | Chain Barding Armor |
| 36:29 | Create | Mangudai |
| 37:07 | Create | Mangudai |
| 37:31 | Create | Mangudai |
| 37:45 | Create | Mangudai |
| 38:09 | Create | Mangudai |
| 38:43 | Build | Barracks |
| 40:07 | Build | Mining Camp |
| 40:13 | Build | Stable |
| 41:23 | Research | Husbandry |
| 41:31 | Create | Mangudai |
| 41:31 | Create | Mangudai |
| 41:31 | Create | Mangudai |
| 41:32 | Create | Mangudai |
| 41:43 | Build | House |
| 41:44 | Build | House |
| 44:50 | Create | Mangudai |
| 44:50 | Create | Mangudai |
| 44:50 | Create | Mangudai |
| 47:19 | Research | Bloodlines |
| 47:52 | Build | Mining Camp |
| 49:36 | Create | Mangudai |
| 49:36 | Create | Mangudai |
| 49:36 | Create | Mangudai |
| 49:37 | Create | Mangudai |
| 49:37 | Create | Mangudai |
| 49:37 | Create | Mangudai |
| 53:06 | Create | Mangudai |
| 53:06 | Create | Mangudai |
| 53:06 | Create | Mangudai |
| 53:07 | Create | Mangudai |
| 53:07 | Create | Mangudai |
| 53:07 | Create | Mangudai |
| 53:07 | Create | Mangudai |
| 53:08 | Create | Mangudai |
| 53:08 | Create | Mangudai |
| 56:12 | Research | Imperial Age |
| 58:45 | Create | Fishing Ship |
| 58:45 | Create | Fishing Ship |
| 59:22 | Age | Imperial Age |
| 59:45 | Build | Castle |
Build order — LB_小小leo
First 150 of 331 actions detected
| 1:38 | Build | Town Center |
| 2:29 | Create | Villager (Male) |
| 2:29 | Create | Villager (Male) |
| 2:29 | Create | Villager (Male) |
| 2:29 | Create | Villager (Male) |
| 2:36 | Build | Lumber Camp |
| 3:04 | Build | House |
| 3:06 | Build | House |
| 3:26 | Build | House |
| 3:27 | Build | House |
| 3:28 | Build | House |
| 3:53 | Build | House |
| 3:55 | Build | House |
| 4:02 | Create | Villager (Male) |
| 4:03 | Create | Villager (Male) |
| 4:42 | Build | Mill |
| 5:12 | Create | Villager (Male) |
| 5:13 | Create | Villager (Male) |
| 5:13 | Create | Villager (Male) |
| 5:25 | Build | Farm |
| 5:50 | Create | Villager (Male) |
| 5:50 | Create | Villager (Male) |
| 5:51 | Create | Villager (Male) |
| 6:58 | Create | Villager (Male) |
| 7:14 | Build | Dock |
| 7:36 | Build | Farm |
| 7:40 | Build | Farm |
| 8:04 | Create | Villager (Male) |
| 8:04 | Create | Villager (Male) |
| 8:04 | Create | Villager (Male) |
| 8:04 | Create | Villager (Male) |
| 8:04 | Create | Villager (Male) |
| 8:18 | Create | Villager (Male) |
| 8:18 | Create | Villager (Male) |
| 8:19 | Create | Villager (Male) |
| 8:19 | Create | Villager (Male) |
| 8:19 | Create | Villager (Male) |
| 8:19 | Create | Villager (Male) |
| 8:25 | Build | Farm |
| 8:55 | Build | Farm |
| 9:05 | Create | Fishing Ship |
| 9:05 | Create | Fishing Ship |
| 9:06 | Create | Fishing Ship |
| 9:15 | Build | Farm |
| 10:07 | Research | Feudal Age |
| 10:17 | Create | Fishing Ship |
| 10:17 | Create | Fishing Ship |
| 10:17 | Create | Fishing Ship |
| 10:18 | Create | Fishing Ship |
| 10:18 | Create | Fishing Ship |
| 11:44 | Build | Palisade Wall |
| 11:47 | Build | Palisade Wall |
| 11:51 | Build | Palisade Wall |
| 11:57 | Build | Palisade Wall |
| 12:17 | Create | Fishing Ship |
| 12:17 | Age | Feudal Age |
| 12:17 | Create | Fishing Ship |
| 12:18 | Create | Fishing Ship |
| 12:18 | Create | Fishing Ship |
| 12:18 | Create | Fishing Ship |
| 12:26 | Create | Villager (Male) |
| 12:26 | Create | Villager (Male) |
| 12:26 | Create | Villager (Male) |
| 12:26 | Create | Villager (Male) |
| 12:26 | Create | Villager (Male) |
| 12:47 | Build | Mining Camp |
| 13:33 | Build | Palisade Wall |
| 13:37 | Build | Palisade Wall |
| 13:39 | Build | Palisade Wall |
| 14:07 | Create | Villager (Male) |
| 14:14 | Create | Villager (Male) |
| 14:14 | Create | Villager (Male) |
| 14:14 | Create | Villager (Male) |
| 14:14 | Create | Villager (Male) |
| 14:23 | Create | Fishing Ship |
| 14:23 | Create | Fishing Ship |
| 15:53 | Build | Farm |
| 15:53 | Build | Farm |
| 16:08 | Build | Mining Camp |
| 16:16 | Research | Stone Mining |
| 16:17 | Research | Gold Mining |
| 17:02 | Create | Fishing Ship |
| 17:02 | Create | Fishing Ship |
| 17:51 | Build | Palisade Wall |
| 18:26 | Build | Blacksmith |
| 18:59 | Build | Market |
| 19:26 | Create | Villager (Male) |
| 19:33 | Research | Castle Age |
| 19:51 | Build | Building 487 |
| 19:54 | Build | Stone Wall |
| 20:27 | Build | House |
| 21:48 | Build | Lumber Camp |
| 21:57 | Build | Barracks |
| 22:14 | Age | Castle Age |
| 22:23 | Research | Pikeman (upgrade) |
| 22:24 | Create | Spearman |
| 22:27 | Create | Spearman |
| 22:27 | Create | Spearman |
| 22:38 | Build | Castle |
| 22:44 | Create | Spearman |
| 22:44 | Create | Spearman |
| 22:44 | Create | Spearman |
| 22:45 | Create | Spearman |
| 23:26 | Research | Pikeman (upgrade) |
| 23:40 | Build | Castle |
| 24:09 | Research | Loom |
| 24:32 | Create | Spearman |
| 24:32 | Create | Spearman |
| 24:32 | Create | Spearman |
| 24:32 | Create | Spearman |
| 26:18 | Create | Monk |
| 27:28 | Research | Scale Barding Armor |
| 27:28 | Research | Padded Archer Armor |
| 27:29 | Research | Fletching |
| 27:32 | Create | Spearman |
| 27:32 | Create | Spearman |
| 27:32 | Create | Spearman |
| 27:32 | Create | Spearman |
| 27:36 | Research | Arson |
| 27:36 | Research | Squires |
| 27:44 | Research | Imperial Age |
| 28:06 | Build | Lumber Camp |
| 28:55 | Create | Villager (Male) |
| 28:55 | Create | Villager (Male) |
| 28:55 | Create | Villager (Male) |
| 28:55 | Create | Villager (Male) |
| 28:56 | Create | Villager (Male) |
| 29:20 | Create | Spearman |
| 29:20 | Create | Spearman |
| 29:21 | Create | Spearman |
| 29:21 | Create | Spearman |
| 29:21 | Create | Spearman |
| 30:20 | Build | Town Center |
| 30:54 | Age | Imperial Age |
| 30:56 | Build | Fish Trap |
| 31:33 | Create | Villager (Male) |
| 31:33 | Create | Villager (Male) |
| 31:34 | Create | Villager (Male) |
| 31:34 | Create | Villager (Male) |
| 31:34 | Create | Villager (Male) |
| 31:34 | Research | Wheelbarrow |
| 32:05 | Build | Barracks |
| 32:06 | Build | Barracks |
| 32:08 | Build | Barracks |
| 32:29 | Create | Samurai |
| 32:29 | Create | Samurai |
| 32:30 | Create | Samurai |
| 32:30 | Create | Samurai |
| 32:47 | Build | Barracks |
| 32:50 | Create | Villager (Male) |
Match timeline
| 0:22 | ッ · first_building Dock |
| 0:26 | pavelinhos · first_building Dock |
| 0:55 | Matus_SK · first_building Dock |
| 4:41 | OTZ==3 · first_building Dock |
| 7:14 | LB_小小leo · first_building Dock |
| 9:27 | ッ · age_up feudal |
| 10:32 | 喜多川海梦 · age_up feudal |
| 11:18 | OTZ==3 · age_up feudal |
| 11:39 | pavelinhos · first_building Barracks |
| 11:44 | LB_小小leo · wall_segment Palisade Wall x1 |
| 11:47 | LB_小小leo · wall_segment Palisade Wall x1 |
| 11:51 | LB_小小leo · wall_segment Palisade Wall x1 |
| 11:57 | LB_小小leo · wall_segment Palisade Wall x1 |
| 12:17 | LB_小小leo · age_up feudal |
| 12:23 | 喜多川海梦 · first_building Barracks |
| 12:25 | Tsukitech · age_up feudal |
| 12:51 | 家恒 · first_building Barracks |
| 13:01 | ッ · first_building Barracks |
| 13:20 | 家恒 · age_up feudal |
| 13:33 | LB_小小leo · wall_segment Palisade Wall x1 |
| 13:37 | LB_小小leo · wall_segment Palisade Wall x3 |
| 13:39 | LB_小小leo · wall_segment Palisade Wall x3 |
| 13:49 | 家恒 · first_building Stable |
| 14:23 | pavelinhos · age_up feudal |
| 14:28 | pavelinhos · first_building Archery Range |
| 14:40 | 喜多川海梦 · wall_segment Palisade Wall x1 |
| 14:41 | 喜多川海梦 · wall_segment Palisade Wall x1 |
| 14:45 | 喜多川海梦 · wall_segment Palisade Wall x1 |
| 14:47 | Matus_SK · age_up feudal |
| 15:03 | ッ · first_building Archery Range |
| 15:21 | ッ · first_building Stable |
| 15:50 | 喜多川海梦 · wall_segment Stone Wall x8 |
| 16:20 | 喜多川海梦 · first_building Stable |
| 16:58 | OTZ==3 · age_up castle |
| 17:24 | OTZ==3 · first_building Castle |
| 17:51 | LB_小小leo · wall_segment Palisade Wall x1 |
| 18:27 | 家恒 · age_up castle |
| 18:43 | 家恒 · first_building Siege Workshop |
| 18:50 | Tsukitech · first_market_buy 100 stone |
| 19:54 | LB_小小leo · wall_segment Stone Wall x6 |
| 20:21 | ッ · wall_segment Palisade Wall x1 |
| 20:30 | ッ · wall_segment Palisade Wall x1 |
| 20:31 | Tsukitech · age_up castle |
| 20:56 | pavelinhos · age_up castle |
| 21:06 | ッ · wall_segment Palisade Wall x1 |
| 21:20 | 家恒 · first_market_sell 100 food |
| 21:57 | LB_小小leo · first_building Barracks |
| 22:14 | LB_小小leo · age_up castle |
| 22:38 | LB_小小leo · first_building Castle |
| 22:38 | Tsukitech · first_building Castle |
| 23:05 | ッ · wall_segment Stone Wall x1 |
| 23:07 | ッ · wall_segment Stone Wall x1 |
| 23:10 | pavelinhos · first_building Siege Workshop |
| 23:43 | 喜多川海梦 · first_building Dock |
| 23:50 | Matus_SK · wall_segment Stone Wall x6 |
| 24:26 | Tsukitech · first_building Siege Workshop |
| 24:28 | Matus_SK · age_up castle |
| 25:39 | Matus_SK · wall_segment Stone Wall x7 |
| 27:06 | OTZ==3 · first_market_buy 100 food |
| 27:39 | pavelinhos · first_building Castle |
| 27:48 | Matus_SK · first_building Barracks |
| 29:01 | ッ · age_up castle |
| 30:32 | ッ · first_building Monastery |
| 30:54 | LB_小小leo · age_up imperial |
| 30:54 | Matus_SK · first_building Monastery |
| 31:01 | ッ · first_building Castle |
| 31:21 | Matus_SK · first_building Siege Workshop |
| 33:57 | 喜多川海梦 · age_up castle |
| 34:07 | 喜多川海梦 · first_building Monastery |
| 34:17 | Matus_SK · first_building Archery Range |
| 35:31 | Matus_SK · age_up imperial |
| 36:50 | 家恒 · first_building Castle |
| 36:52 | ッ · age_up imperial |
| 37:18 | Matus_SK · resign |
| 38:43 | OTZ==3 · first_building Barracks |
| 40:04 | LB_小小leo · first_building Siege Workshop |
| 40:13 | OTZ==3 · first_building Stable |
| 47:12 | OTZ==3 · first_market_sell 100 food |
| 49:59 | 喜多川海梦 · first_building Archery Range |
| 50:03 | LB_小小leo · first_building Archery Range |
| 51:02 | 家恒 · first_building Monastery |
| 52:09 | 喜多川海梦 · first_building Castle |
| 53:10 | pavelinhos · age_up imperial |
| 53:48 | 喜多川海梦 · age_up imperial |
| 56:06 | 家恒 · first_building Archery Range |
| 57:38 | 家恒 · age_up imperial |
| 58:53 | pavelinhos · first_building Stable |
| 59:22 | OTZ==3 · age_up imperial |
| 60:03 | LB_小小leo · tribute_sent a jugador 1 |
| 60:03 | LB_小小leo · tribute_sent a jugador 2 |
| 60:03 | LB_小小leo · tribute_sent a jugador 3 |
| 60:03 | LB_小小leo · tribute_sent a jugador 4 |
| 60:03 | LB_小小leo · tribute_sent a jugador 5 |
| 60:03 | LB_小小leo · tribute_sent a jugador 6 |
| 60:03 | LB_小小leo · tribute_sent a jugador 7 |
[ AI ANALYSIS · 1 CREDIT ]
What really happened in this match?
Wolo.gg analyzes every decision: build order, eco, micro, common mistakes by bracket. Personalized analysis on WhatsApp or Discord in 30 seconds.
Civ guide
Lithuanians
Map guide
Pilgrims
Perfil
喜多川海梦